 Dungeon Crawl Stone Soup version 0.32-a0-986-ga09f62fbf4 (webtiles) character file.

Game seed: 5885660914018625261

9 bananaken the Trooper (level 2, -1/33 HPs)
             Began as an Oni Delver on Apr 21, 2024.
             Slain by a black bear (3 damage)
             ... on level 5 of the Dungeon.
             The game lasted 00:02:14 (198 turns).

bananaken the Trooper (Oni Delver)                   Turns: 198, Time: 00:02:15

Health: -1/33      AC:  3    Str: 15    XL:     2   Next: 16%
Magic:  2/2        EV:  8    Int: 11    God:
Gold:   0          SH:  0    Dex: 10    Spells: 1/1 levels left

rFire   . . .        a - +0 mace
rCold   . . .        (no shield)
rNeg    . . .        b - +0 robe
rPois   .            (helmet restricted)
rElec   .            (no cloak)
rCorr   .            (gloves unavailable)
SInv    .            (boots unavailable)
Will    .....        (no amulet)
Stlth   ++           (no ring)
HPRegen 0.25/turn    (no ring)
MPRegen 0.08/turn

%: no passive effects
@: no status effects
A: large, unfitting armour, horns 1, tough skin 1, double potion healing,
drunken brawling
a: no special abilities


You were on level 5 of the Dungeon.
You visited 1 branch of the dungeon, and saw 2 of its levels.

Inventory:

Hand Weapons
 a - a +0 mace (weapon)
Armour
 b - a +0 robe (worn)
Wands
 g - a wand of digging (3)
Scrolls
 c - a scroll of fog
 d - a scroll of revelation


   Skills:
 + Level 4.4 Fighting
 + Level 2.4 Maces & Flails
 - Level 1.7 Dodging
 - Level 3.7 Stealth


You had one spell level left.
You didn't know any spells.
Your spell library was empty.

Dungeon Overview and Level Annotations

Branches:
Dungeon (6/15)
 Temple: D:4-7

Altars:

Annotations:
D:5 exclusion: scorpion


Innate Abilities, Weirdness & Mutations

You are too large for most types of armour.
You have a pair of small horns on your head.
You have tough skin. (AC +1)
You gain doubled healing and magic from potions.
Whenever you drink a healing potion, you attack all around you.


Message History

* * * LOW HITPOINT WARNING * * *
The orc hits you but does no damage.
You hit something. Something hits you but does no damage.
The orc hits you with a +0 flail.
* * * LOW HITPOINT WARNING * * *
You aren't carrying any potions.
As you read the scroll of fear, it crumbles to dust.
You assume a fearsome visage.
The bombardier beetle looks frightened!
The orc looks frightened! x3
Unknown command.
You cannot move.
A bombardier beetle is nearby!
The bombardier beetle waves its antennae.
You start resting.
Your transformation is almost over.
Your extra speed is starting to run out.
You start resting.
You feel yourself slow down.
You start resting.
You feel less wooden.
Your +0 robe unmelds from your body.
You start resting.
A bombardier beetle is nearby!
You climb upwards.
Level annotation: exclusion: scorpion Reactivating autopickup.
The black bear bites you but does no damage.
The black bear claws you but does no damage.
The black bear closely misses you. The black bear barely misses you.
The black bear claws you but does no damage.
The black bear claws you.
* * * LOW HITPOINT WARNING * * *
There is a stone staircase leading down here.
Okay, then.
The black bear bites you.
* * * LOW HITPOINT WARNING * * *
The black bear claws you.
* * * LOW HITPOINT WARNING * * *
The black bear claws you.
You die...

##......5...##
##..........#
####.....[.#
##..####..#
###..## ###
###...##
##.....###
#......5.###
..........h@.#
##........f.##
##.........#
####...####
#####


You could see a black bear, a lemure and a sleepcap.

Vanquished Creatures
  A shadow imp (D:6)
  An orc (D:6)
2 creatures vanquished.

Notes
Turn   | Place    | Note
-------+----------+-------------------------------------------
     0 | D:5      | bananaken the Oni Delver began the quest for the Orb.
     0 | D:5      | Reached XP level 1. HP: 24/24 MP: 1/1
    12 | D:5      | Noticed a scorpion
    68 | D:5      | Noticed a black bear
    79 | D:5      | Noticed a lemure
   103 | D:5      | Noticed a scorpion
   129 | D:5      | Noticed a sleepcap
   142 | D:6      | Noticed an orc wizard
   152 | D:6      | Reached XP level 2. HP: 10/33 MP: 2/2
   153 | D:6      | Noticed a bombardier beetle
   198 | D:5      | Slain by a black bear

Illustrated notes

Levels and vault maps discovered:
D:5:      minmay_bubble_buster, layout_cave_pods, ashenzari_conservatory_becter,
          uniq_pikel
D:6:      layout_basic

Action                     || total
---------------------------++-------
  Melee: Mace              ||    23
    Use: Potion            ||     2
         Scroll            ||     1
   Stab: Sleeping          ||     1
 Armour: Skin              ||    33
         Robe              ||    16
  Dodge: Dodged            ||     6

Table legend: (Time is in decaauts)
 A = Elapsed time spent in this place.
 B = Non-inter-level travel time spent in this place.
 C = Inter-level travel time spent in this place.
 D = Time resting spent in this place.
 E = Time spent auto-exploring this place.
 F = Levels seen in this place.
 G = Mean time per level.
                   A        B        C        D        E       F      G
               +--------+--------+--------+--------+--------+-----+--------+
         Total |    185 |    185 |      0 |     11 |     66 |   2 |   92.5 |
       Dungeon |    185 |    185 |      0 |     11 |     66 |   2 |   92.5 |
               +--------+--------+--------+--------+--------+-----+--------+

Top non-repeatable levels by time:
     D:5: 138 daAuts
     D:6: 47 daAuts
